 Dungeon Crawl Stone Soup version 0.27.1-2-g3b301248ec (webtiles) character file.

Game seed: 4247669951513837060

609 barney the Transmogrifier (level 7, 0/52 HPs)
             Began as a Green Draconian Transmuter on Oct 1, 2021.
             Slain by an orc (5 damage)
             ... on level 5 of the Dungeon.
             The game lasted 00:06:35 (6714 turns).

barney the Transmogrifier (DrTm)                    Turns: 6714, Time: 00:06:37

Health: 0/52       AC:  2    Str: 12    XL:     7   Next: 19%
Magic:  9/10       EV: 19    Int: 15    God:
Gold:   227        SH:  0    Dex: 23    Spells: 1/10 levels left

rFire    . . .     SeeInvis .     - Unarmed
rCold    . . .     Faith    .   (shield currently unavailable)
rNeg     . . .     Spirit   .   (armour unavailable)
rPois    x         Reflect  .   (helmet currently unavailable)
rElec    .         Harm     .   (cloak currently unavailable)
rCorr    .         Rampage  .   (gloves currently unavailable)
Will     +....                  (boots currently unavailable)
Stlth    ++........             (no amulet)
HPRegen  0.17/turn              i - +6 ring of dexterity
MPRegen  0.12/turn              e - ring of willpower

@: lethally poisoned (0 -> -34), about to teleport, spider-form (expiring)
A: venomous fangs, (breathe noxious fumes), AC +6, tiny, unfitting armour,
(poison resistance), (cold-blooded)
a: End Transformation


You were on level 5 of the Dungeon.
You were a venomous arachnid creature.
You visited 1 branch of the dungeon, and saw 5 of its levels.

You collected 227 gold pieces.

Inventory:

Hand Weapons
 g - a +1 vampiric short sword
 l - a +0 trident of venom (melded)
Armour
 m - a +0 pair of boots (melded)
Jewellery
 e - a ring of willpower (right front leg)
 i - a +6 ring of dexterity (left front leg)
Wands
 j - a wand of digging (5)
Scrolls
 a - a scroll of identify
 b - a scroll of teleportation
 c - a scroll of noise {unknown}
 f - 2 scrolls of magic mapping {unknown}
 h - 2 scrolls of amnesia {unknown}
Potions
 d - a potion of brilliance


   Skills:
 - Level 1.1 Fighting
 - Level 1.7 Dodging
 - Level 3.0 Unarmed Combat
 - Level 2.0 Spellcasting
 + Level 8.0 Transmutations
 + Level 0.1 Poison Magic


You had one spell level left.
You knew the following spells:

 Your Spells              Type           Power      Damage    Failure   Level
a - Beastly Appendage     Tmut           50%        N/A       4%          1
b - Spider Form           Tmut/Pois      6%         N/A       28%         3
c - Wereblood             Tmut           25%        N/A       6%          2
d - Mephitic Cloud        Conj/Pois/Air  1%         N/A       75%         3

Your spell library contained the following spells:

 Spells                   Type           Power      Damage    Failure   Level
 Magic Dart               Conj           4%         1d3       43%         1
 Call Imp                 Summ           1%         N/A       54%         2
 Ice Form                 Ice/Tmut       13%        N/A       61%         4


Dungeon Overview and Level Annotations

Branches:
Dungeon (5/15)
 Temple: D:4-7

Altars:

Shops:
D:5 *


Innate Abilities, Weirdness & Mutations

You are a venomous arachnid creature.
You have poisonous fangs.
You are tiny and dextrous.
Your spellcasting is less reliable in this form.
Your armour is entirely melded.
You are incapable of wielding weapons or throwing items.
((You can breathe blasts of noxious fumes.))
((Your lurid green scales are hard. (AC +6)))
You cannot fit into any form of body armour.
((Your system is resistant to poisons. (rPois)))
((You are cold-blooded and may be slowed by cold attacks.))


Message History

You closely miss the water moccasin.
The water moccasin is moderately wounded.
Your transformation is almost over.
You feel very sick. The water moccasin misses you.
The orc hits you with a +0 flail!
You closely miss the water moccasin.
The water moccasin is moderately wounded.
* * * LOW HITPOINT WARNING * * *
You feel very sick. The water moccasin misses you. The orc misses you.
The water moccasin bites you.
* * * LOW HITPOINT WARNING * * *
You are more poisoned.
The water moccasin poisons you!
Okay, then.
Okay, then.
You feel better. The orc misses you. The water moccasin closely misses you.
Unknown command.
As you read the scroll labelled GIETUCK DOLO, it crumbles to dust.
It is a scroll of identify.
b - 2 scrolls of teleportation The water moccasin misses you.
The orc barely misses you.
As you read the scroll of teleportation, it crumbles to dust.
You feel strangely unstable. The water moccasin bites you.
* * * LOW HITPOINT WARNING * * *
The orc completely misses you. The water moccasin barely misses you.
Unknown command.
Okay, then.
You closely miss the water moccasin.
The water moccasin is moderately wounded.
The water moccasin misses you. The orc barely misses you.
Okay, then.
Okay, then.
You hit the water moccasin.
The water moccasin is moderately wounded.
The water moccasin bites you!
* * * LOW HITPOINT WARNING * * *
You are lethally poisoned!
The water moccasin poisons you! The orc hits you with a +0 flail.
You die...

.# ## #.# # ..# #.# .#
.##..#####.#########.##
............###.......#
............+∩#..)....#
............###..o....#
................sS....#
......................#
......................#
......................#
......................#
......................#
......................#
......................#
......................#


You could see a water moccasin and an orc.

Vanquished Creatures
  An ogre (D:4)
  A scorpion (D:5)
  A water moccasin skeleton (D:5)
  3 hounds (D:4)
  An orc priest (D:4)
  An iguana (D:4)
  3 orc wizards (D:4)
  A hound zombie (D:5)
  3 gnolls (D:2)
  4 adders
  A white imp (D:5)
  A worm (D:3)
  18 orcs
  11 ball pythons
  6 endoplasms
  2 giant cockroaches (D:3)
  5 goblins
  5 hobgoblins
  7 jackals (D:1)
  5 kobolds
  4 quokkas
  4 bats
  5 frilled lizards
  9 rats
102 creatures vanquished.

Notes
Turn   | Place    | Note
-------+----------+-------------------------------------------
     0 | D:1      | barney the Draconian Transmuter began the quest for the
                  | Orb.
     0 | D:1      | Reached XP level 1. HP: 16/16 MP: 3/3
   196 | D:1      | Reached XP level 2. HP: 22/23 MP: 3/5
   274 | D:1      | Reached skill level 3 in Transmutations
   580 | D:1      | Reached XP level 3. HP: 26/28 MP: 4/6
   584 | D:1      | Learned a level 3 spell: Spider Form
   590 | D:1      | Learned a level 2 spell: Wereblood
  1031 | D:2      | Found a faded altar of an unknown god.
  1043 | D:2      | Reached skill level 4 in Transmutations
  1050 | D:2      | Reached XP level 4. HP: 9/35 MP: 4/7
  2466 | D:3      | Reached skill level 5 in Transmutations
  3348 | D:4      | Reached XP level 5. HP: 20/40 MP: 4/8
  3841 | D:4      | Reached skill level 6 in Transmutations
  4443 | D:4      | Reached XP level 6. HP: 47/47 MP: 5/9
  5546 | D:4      | Reached skill level 7 in Transmutations
  6065 | D:5      | Entered Level 5 of the Dungeon
  6065 | D:5      | Noticed a water moccasin
  6122 | D:5      | Your scales start taking on a lurid green colour.
  6122 | D:5      | Reached XP level 7. HP: 37/52 MP: 7/10
  6122 | D:5      | Gained mutation: Your system is resistant to poisons.
                  | (rPois) [Green Draconian growth]
  6354 | D:5      | Reached skill level 8 in Transmutations
  6388 | D:5      | Learned a level 3 spell: Mephitic Cloud
  6689 | D:5      | Found Meoco's General Store.
  6714 | D:5      | Slain by an orc

Illustrated notes

Levels and vault maps discovered:
D:1:      minmay_arrival_glassed_features, layout_basic, lemuel_another_geyser
D:2:      layout_basic, basic_ecumenical_altar
D:3:      layout_rooms, minmay_ruptured
D:4:      kennysheep_spiral_hall, layout_basic
D:5:      layout_basic, old_standard_altar, serial_shops,
          nicolae_shop_window_shopping

Skill      XL: |  1  2  3  4  5  6  7 |
---------------+----------------------+-----
Transmutations | 3 4 5 6 7 8 |  8.0
Fighting       | |  1.1
Dodging        | |  1.7
Unarmed Combat | |  3.0
Spellcasting   | |  2.0
Poison Magic   | |  0.1

Action                   |  1- 3 |  4- 6 |  7- 9 || total
-------------------------+-------+-------+-------++-------
Melee: Unarmed           |    68 |   137 |    15 ||   220
       Kick              |    11 |     1 |       ||    12
       Tailslap          |     8 |     2 |     3 ||    13
       Headbutt          |     5 |     3 |       ||     8
       Trident           |       |     5 |    17 ||    22
       Short sword       |       |     6 |       ||     6
 Cast: Beastly Appendage |    20 |     5 |     1 ||    26
       Spider Form       |     2 |    27 |     1 ||    30
       Wereblood         |       |     5 |       ||     5
 Abil: Breathe Noxious F |       |       |     1 ||     1
  Use: Potion            |     1 |     4 |     1 ||     6
       Scroll            |       |       |     2 ||     2
 Stab: Sleeping          |     1 |       |       ||     1
Armor: Skin              |    25 |    15 |    25 ||    65
Dodge: Dodged            |    59 |   133 |    37 ||   229
